 Dungeon Crawl Stone Soup version 0.24-a0-580-g6a6c3f83c1 (webtiles) character file.

Game seed: 2847359659261308870

77 Mame the Chopper (level 4, -4/40 HPs)
             Began as a Hill Orc Fighter on Aug 22, 2019.
             Killed from afar by Natasha (8 damage)
             ... with a magic dart
             ... on level 2 of the Dungeon.
             The game lasted 00:03:35 (1209 turns).

Mame the Chopper (Hill Orc Fighter)                 Turns: 1209, Time: 00:03:37

Health: -4/40      AC:  6    Str: 24    XL:     4   Next: 34%
Magic:  4/4        EV:  7    Int:  8    God:
Gold:   37         SH:  9    Dex: 10    Spells: 3/3 levels left

rFire    . . .     SeeInvis .   a - +1 war axe
rCold    . . .     Gourm    .   c - +0 shield
rNeg     . . .     Faith    .   b - +0 scale mail
rPois    .         Spirit   .   (no helmet)
rElec    .         Reflect  .   (no cloak)
rCorr    .         Harm     .   (no gloves)
MR       .....                  (no boots)
Stlth    ..........             (no amulet)
HPRegen  0.13/turn              (no ring)
MPRegen  0.09/turn              (no ring)

@: mighty, slowed, very slow
A: no striking features
a: no special abilities


You were on level 2 of the Dungeon.
You were not hungry.

You visited 1 branch of the dungeon, and saw 2 of its levels.

You collected 37 gold pieces.

Inventory:

Hand Weapons
 a - a +1 war axe (weapon)
Armour
 b - a +0 scale mail (worn)
 c - a +0 shield (worn)
 o - a +2 scale mail of fire resistance
Jewellery
 i - an uncursed ring of wizardry {unknown}
 m - an uncursed ring of resist corrosion {unknown}
Wands
 t - a wand of flame (22)
Scrolls
 g - a scroll of teleportation {unknown}
 h - 2 scrolls of identify {unknown}
 j - a scroll of enchant weapon
 l - a scroll of magic mapping {unknown}
 q - a scroll of remove curse {unknown}
 s - 2 scrolls of enchant armour {unknown}
Potions
 e - 2 potions of flight {unknown}
 k - 2 potions of heal wounds {unknown}
 n - a potion of curing {unknown}
 r - a potion of degeneration {unknown}
Comestibles
 f - 3 rations
 p - 5 chunks of flesh


   Skills:
 - Level 3.9 Fighting
 * Level 5.3 Axes
 - Level 3.5 Armour
 - Level 3.4 Shields


You had 3 spell levels left.
You didn't know any spells.
Your spell library was empty.

Dungeon Overview and Level Annotations

Branches:
Dungeon (2/15)

Altars:
Xom

Annotations:
D:2 Natasha


Message History

The magic dart hits you but does no damage.
You block Natasha's attack. You block the white imp's attack.
Your shield prevents you from hitting Natasha.
You closely miss the white imp. The white imp hits you.
The white imp freezes you. Natasha claws you!
* * * LOW HITPOINT WARNING * * *
You block Natasha's attack. You block the white imp's attack.
You feel very mighty all of a sudden. The white imp gestures at you.
You block the puff of frost.
Natasha stares at you and mumbles some strange words.
You feel as though you will be slow longer.
Your shield and scale mail prevent you from hitting Natasha.
You barely miss the white imp.
The white imp hits you but does no damage.
Natasha claws you!
* * * LOW HITPOINT WARNING * * *
Natasha casts a spell at you. The magic dart hits you!
You die...

######### ########
#)......# .......#
#####.......# .......#
#.....5.....# .......##
#....@h.....#
........####............
...........†............
.........###............
.......#.# ###+###......
.......#.# ######
########.## # #.(..# #
#.##.#


You could see Natasha and a white imp.

Vanquished Creatures
  Jessica (D:2)
  An adder (D:2)
  A leopard gecko (D:1)
  A ball python (D:2)
  2 giant cockroaches (D:1)
  6 goblins
  8 hobgoblins
  2 jackals (D:2)
  6 bats
  3 frilled lizards
  2 kobolds (D:1)
  4 rats
37 creatures vanquished.

Notes
Turn   | Place    | Note
-------+----------+-------------------------------------------
     0 | D:1      | Mame the Hill Orc Fighter began the quest for the Orb.
     0 | D:1      | Reached XP level 1. HP: 19/19 MP: 1/1
    91 | D:1      | Reached XP level 2. HP: 22/27 MP: 2/2
   240 | D:1      | Reached skill level 3 in Axes
   492 | D:1      | Reached XP level 3. HP: 28/33 MP: 3/3
   995 | D:2      | Reached skill level 4 in Axes
  1060 | D:2      | Found a shimmering altar of Xom.
  1081 | D:2      | Noticed Jessica
  1091 | D:2      | Killed Jessica
  1091 | D:2      | Reached skill level 5 in Axes
  1091 | D:2      | Reached XP level 4. HP: 40/40 MP: 4/4
  1183 | D:2      | Found a shimmering altar of Xom.
  1184 | D:2      | Found a shimmering altar of Xom.
  1200 | D:2      | Noticed Natasha
  1209 | D:2      | Killed from afar by Natasha

Levels and vault maps discovered:
D:1:      lightli_arrival_lavapool, layout_basic
D:2:      layout_basic, old_standard_altar, first_ration, xom_redecorated,
          uniq_jessica, uniq_natasha

Skill      XL: |  1  2  3 |
---------------+----------+-----
Axes           | 3 5 |  5.3
Fighting       | |  3.9
Armour         | |  3.5
Shields        | |  3.4

Action                   |  1- 3 |  4- 6 || total
-------------------------+-------+-------++-------
Melee: War axe           |    96 |    22 ||   118
  Use: Scroll            |     1 |       ||     1
       Potion            |       |     1 ||     1
  Eat: Chunk             |     1 |       ||     1
Armor: Scale mail        |    47 |    10 ||    57
Dodge: Dodged            |    30 |     5 ||    35
Block: Shield            |    68 |    12 ||    80

Table legend:
 A = Non-vault XP
 B = Vault XP
 C = Vault XP percentage of total XP
 D = Non-vault monster count
 E = Vault monster count
 F = Vault count percentage of total count
                 A         B        C        D         E       F
            +---------+---------+-------+---------+---------+-------
      Total |      74 |      37 |  33.3 |      36 |       1 |   2.7
            +---------+---------+-------+---------+---------+-------
        D:1 |      42 |       0 |   0.0 |      25 |       0 |   0.0
        D:2 |      32 |      37 |  53.6 |      11 |       1 |   8.3
            +---------+---------+-------+---------+---------+-------
